 Dungeon Crawl Stone Soup version 0.28-a0-804-g60983d4ba9 (webtiles) character file.

Game seed: 13701979790005139767

3592 avis the Grappler (level 9, -4/97 HPs)
             Began as a Demigod Transmuter on Nov 8, 2021.
             Engulfed by a steam dragon's steam (10 damage)
             ... on level 9 of the Dungeon.
             The game lasted 01:11:42 (11866 turns).

avis the Grappler (Demigod Transmuter)             Turns: 11866, Time: 01:11:43

Health: -4/97      AC:  6    Str: 25    XL:     9   Next: 55%
Magic:  14/16      EV: 10    Int: 15    God:
Gold:   460        SH:  5    Dex: 18    Spells: 6/14 levels left

rFire   x . .      SeeInvis .     - Unarmed
rCold   + + +      Faith    .   (shield currently unavailable)
rNeg    . . .      Spirit   .   (armour currently unavailable)
rPois   +          Reflect  +   (helmet currently unavailable)
rElec   .          Harm     .   (cloak currently unavailable)
rCorr   .          Rampage  .   (gloves currently unavailable)
Will    .....                   (boots currently unavailable)
Stlth   ++........              m - amulet of reflection
HPRegen 0.26/turn               l - +6 ring of strength
MPRegen 0.15/turn               H - ring of wizardry

@: ice-form
A: freezing attack, amphibious, boosted hp, large, high mp 1, forlorn
a: End Transformation


You were on level 9 of the Dungeon.
You were a creature of crystalline ice.
You visited 2 branches of the dungeon, and saw 10 of its levels.

You collected 460 gold pieces.

Inventory:

Hand Weapons
 b - a +0 hunting sling
 c - a +2 dagger of venom
 w - a +1 war axe of holy wrath
Missiles
 a - 284 stones
 e - 3 throwing nets
 h - 38 arrows
 p - 76 sling bullets
 q - 14 poisoned darts
 u - 2 silver boomerangs
 F - 6 boomerangs
Armour
 d - a +2 pair of gloves (melded)
 j - a +1 pair of boots of flying (melded)
 r - a +0 troll leather armour
 x - a +0 buckler
 N - +0 steam dragon scales (melded)
 P - +0 pearl dragon scales
 R - a +0 helmet (melded)
Jewellery
 l - a +6 ring of strength (left front paw)
 m - an amulet of reflection (around neck)
 n - a ring of ice
 D - a ring of magical power
 H - a ring of wizardry (right front paw)
Wands
 o - a wand of charming (11)
 y - a wand of flame (37)
 B - a wand of acid (4)
Scrolls
 g - a scroll of fog {unknown}
 k - a scroll of magic mapping {unknown}
 C - a scroll of blinking
 J - a scroll of summoning {unknown}
Potions
 f - a potion of might
 i - 3 potions of brilliance
 A - a potion of flight
 E - 2 potions of lignification
 G - a potion of haste {unknown}
 M - a potion of berserk rage {unknown}


   Skills:
 - Level 8.0 Fighting
 - Level 2.0 Dodging
 * Level 1.7 Stealth
 - Level 9.0 Unarmed Combat
 - Level 3.0 Spellcasting
 - Level 3.0 Transmutations
 - Level 3.0 Ice Magic
 - Level 2.0 Poison Magic


You had 6 spell levels left.
You knew the following spells:

 Your Spells              Type           Power      Damage    Failure   Level
a - Beastly Appendage     Tmut           22%        N/A       2%          1
p - Spider Form           Tmut/Pois      9%         N/A       9%          3
q - Ice Form              Ice/Tmut       11%        N/A       22%         4

Your spell library contained the following spells:

 Spells                   Type           Power      Damage    Failure   Level
 Wereblood                Tmut           11%        N/A       3%          2
 Apportation              Tloc           4%         N/A       9%          1
 Sublimation of Blood     Necr           2%         N/A       12%         2
 Alistair's Intoxication  Tmut/Pois      6%         N/A       58%         5
 Invisibility             Hex            1%         N/A       100%        6
 Summon Hydra             Summ           1%         N/A       100%        7


Dungeon Overview and Level Annotations

Branches:
Dungeon (9/15)             Temple (1/1) D:5
   Lair: D:8-11         Orc: D:9-12

Shops:
D:7 :

Annotations:
D:8 exclusion: gargoyle


Innate Abilities, Weirdness & Mutations

You are a creature of crystalline ice.
You have a powerful freezing melee attack.
You are amphibious.
Your maximum health is increased.
Your armour is entirely melded.
You are incapable of wielding weapons or throwing items.
Your attributes grow dramatically as you level up.
You have an increased reservoir of magic. (+10% MP)
You shall have no god before yourself.


Message History

Your +2 pair of gloves melds into your body.
Your +1 pair of boots of flying melds into your body.
Your +0 steam dragon scales melds into your body.
You float gracefully downwards.
The steam dragon hisses angrily.
The steam dragon breathes steam at you. The ball of steam hits you.
The steam scalds you terribly!
An orc warrior comes into view.
It is wielding a +1 long sword of holy wrath.
You hear a shout!
You hear a bellow! x2
The steam dragon breathes steam at you. The ball of steam hits you!!
The steam scalds you terribly!
You hear a shout!
An orc comes into view. It is wielding a +0 hand axe.
You are engulfed in a cloud of scalding steam.
The orc shouts!
You hear a shout!
A yak comes into view.
The orc moves out of view.
You hear a bellow!
An orc priest comes into view. It is wielding a +0 hand axe.
The steam dragon bites you but does no damage.
The steam dragon claws you but does no damage.
You hit the steam dragon. You freeze the steam dragon.
The steam dragon is moderately wounded.
A yak comes into view.
The steam dragon breathes steam at you. The ball of steam hits you!!!
The steam scalds you terribly!
A yak comes into view.
The steam dragon bites you.
* * * LOW HITPOINT WARNING * * *
The steam dragon barely misses you.
You hit the steam dragon. You freeze the steam dragon.
The steam dragon is heavily wounded.
The steam dragon barely misses you. x2
You hit the steam dragon but do no damage.
The steam dragon is heavily wounded.
The steam dragon breathes steam at you. The ball of steam hits you!!
The steam scalds you terribly!
* * * LOW HITPOINT WARNING * * *
You are engulfed in a cloud of scalding steam.
You die...

... #...........#
....######...........#
.....................#
.....................#
.....................#
.................D...####
...................o..Y..
................§Yo.oY...
########'###+###Y#######..
...............#§#.....#
...............###..<..#
.......................#
.......................#
.......................#
.....†.................#
...................#####
.#'####............#


You could see 3 yaks, a steam dragon (catching breath), an orc warrior, an orc
priest and an orc.

Vanquished Creatures
  Maggie (D:7)
  A troll (D:9)
  4 yaks (D:8)
  A steam dragon (D:6)
  3 water moccasins
  Duvessa (D:7)
  2 ice beasts
  3 ogres
  2 centaurs (D:9)
  A kobold brigand (D:7)
  A bullfrog (D:8)
  2 scorpions
  A gnoll sergeant (D:6)
  2 wyvern zombies
  Dowan (D:7)
  A howler monkey (D:5)
  2 centaur zombies
  A bullfrog zombie (D:5)
  2 bullfrog skeletons
  A jelly (D:8)
  3 orc priests
  A gnoll shaman (D:6)
  A centaur skeleton (D:6)
  6 orc wizards
  2 scorpion zombies (D:5)
  A killer bee zombie (D:9)
  A howler monkey zombie (D:5)
  8 gnolls
  5 adders
  A river rat (D:6)
  3 white imps
  An ufetubus (D:6)
  3 worms
  5 dart slugs
  23 orcs
  10 endoplasms
  3 giant cockroaches
  8 hobgoblins
  6 jackals
  6 quokkas
  7 ball pythons
  7 bats
  6 frilled lizards
  13 goblins
  12 kobolds
  4 rats
179 creatures vanquished.

Notes
Turn   | Place    | Note
-------+----------+-------------------------------------------
     0 | D:1      | avis the Demigod Transmuter began the quest for the Orb.
     0 | D:1      | Reached XP level 1. HP: 15/15 MP: 5/5
    36 | D:1      | Reached skill level 1 in Fighting
   159 | D:1      | Reached skill level 3 in Unarmed Combat
   284 | D:1      | Reached XP level 2. HP: 17/23 MP: 5/7
  1633 | D:2      | Reached XP level 3. HP: 30/30 MP: 8/8
  2819 | D:3      | Learned a level 3 spell: Spider Form
  3324 | D:3      | Reached XP level 4. HP: 38/38 MP: 5/9
  4152 | D:4      | Noticed an ogre
  4436 | D:3      | Killed an ogre
  4437 | D:3      | Reached skill level 4 in Unarmed Combat
  4437 | D:3      | Reached XP level 5. HP: 46/46 MP: 7/10
  4467 | D:3      | Learned a level 4 spell: Ice Form
  4945 | D:4      | Reached skill level 1 in Poison Magic
  5251 | D:5      | Entered Level 5 of the Dungeon
  5304 | D:5      | Noticed an ogre
  5457 | D:5      | Reached XP level 6. HP: 51/53 MP: 11/11
  5507 | D:5      | Reached skill level 5 in Fighting
  5514 | D:5      | Reached skill level 1 in Stealth
  5591 | D:5      | Reached skill level 5 in Unarmed Combat
  5884 | D:5      | Reached XP level 7. HP: 61/61 MP: 13/13
  5902 | D:5      | Found a staircase to the Ecumenical Temple.
  5923 | Temple   | Entered the Ecumenical Temple
  6529 | D:6      | Noticed a steam dragon
  7073 | D:6      | Killed a steam dragon
  7074 | D:6      | Reached skill level 6 in Unarmed Combat
  7084 | D:6      | Reached XP level 8. HP: 26/71 MP: 10/14
  7989 | D:7      | Noticed Duvessa
  7989 | D:7      | Noticed Dowan
  8122 | D:7      | Killed Dowan
  8345 | D:7      | Noticed Maggie
  8570 | D:7      | Killed Duvessa
  8571 | D:7      | Reached skill level 7 in Unarmed Combat
  8924 | D:7      | Found Iroloyc's Self-Improvement Boutique.
  9014 | D:8      | Reached skill level 1 in Ice Magic
  9361 | D:8      | Reached XP level 9. HP: 37/81 MP: 15/15
  9628 | D:8      | You fall into a shaft and drop 1 floor!
  9781 | D:8      | Noticed a gargoyle
 10298 | D:7      | Killed Maggie
 10299 | D:7      | Reached skill level 8 in Unarmed Combat
 11661 | D:9      | Reached skill level 9 in Unarmed Combat
 11866 | D:9      | Engulfed by a steam dragon's steam

Illustrated notes

Levels and vault maps discovered:
D:1:      zelgadis_glass_arrival_small, layout_loops_ring
D:2:      layout_basic
D:3:      kennysheep_the_goblin_king, layout_basic, trog_book
D:4:      layout_cave_pools, kennysheep_cross_bottleneck, hex_medium
D:5:      layout_basic, temple_hall, serial_glass, glass_columns_b,
          glass_columns_c, glass_columns_c, glass_columns_a, glass_columns_a,
          glass_columns_a, glass_columns_b, glass_columns_a
D:6:      layout_basic, kennysheep_mini_moat, zin_scriptorium, bloody_makhleb,
          portal_sewer_entry_e
D:7:      layout_rooms, grunt_temple_overflow_diamond, nicolae_shop_self_help,
          uniq_duvessa, uniq_maggie
D:8:      layout_basic, nrook_mini_vaults
D:9:      layout_irregular_city, minmay_misc_feat_alley, uniq_harold, uniq_pikel
Temple:   regret_index_temple_generic_petals

Skill      XL: |  1  2  3  4  5  6  7  8  9 |
---------------+----------------------------+-----
Fighting       | 1 2 3 4 5 6 8 |  8.0
Unarmed Combat | 3 4 5 6 7 9 |  9.0
Transmutations | 2 3 |  3.0
Dodging        | 2 |  2.0
Spellcasting   | 2 3 |  3.0
Poison Magic   | 1 2 |  2.0
Stealth        | 1 |  1.7
Ice Magic      | 3 |  3.0

Action                   |  1- 3 |  4- 6 |  7- 9 || total
-------------------------+-------+-------+-------++-------
Melee: Unarmed           |    55 |    32 |   202 ||   289
       Kick              |    26 |    20 |     5 ||    51
       Headbutt          |    17 |     5 |     4 ||    26
       Punch             |     3 |       |       ||     3
       Dagger            |    85 |    66 |    11 ||   162
       War axe           |       |    12 |    24 ||    36
 Fire: Hunting sling     |       |    27 |     5 ||    32
 Cast: Beastly Appendage |    48 |    18 |     7 ||    73
       Spider Form       |     2 |     8 |    33 ||    43
       Ice Form          |       |       |     8 ||     8
Evoke: Wand              |       |       |     3 ||     3
  Use: Scroll            |       |       |    11 ||    11
       Potion            |       |       |     1 ||     1
 Stab: Sleeping          |     4 |       |     1 ||     5
Armor: Robe              |    30 |    19 |    19 ||    68
       Skin              |       |     2 |    16 ||    18
       Steam dragon scal |       |       |     2 ||     2
Dodge: Dodged            |    78 |    54 |   188 ||   320
Block: Other             |       |       |    13 ||    13
       Reflection        |       |       |     2 ||     2

Table legend: (Time is in decaauts)
 A = Elapsed time spent in this place.
 B = Non-inter-level travel time spent in this place.
 C = Inter-level travel time spent in this place.
 D = Time resting spent in this place.
 E = Time spent auto-exploring this place.
 F = Levels seen in this place.
 G = Mean time per level.
                   A        B        C        D        E       F      G
               +--------+--------+--------+--------+--------+-----+--------+
         Total |  11875 |  10383 |   1492 |   3030 |   4433 |  10 | 1187.5 |
       Dungeon |  11840 |  10350 |   1490 |   3030 |   4433 |   9 | 1315.6 |
        Temple |     34 |     33 |      1 |      0 |      0 |   1 |   34.0 |
               +--------+--------+--------+--------+--------+-----+--------+

Top non-repeatable levels by time:
     D:6: 2122 daAuts
     D:2: 1587 daAuts
     D:5: 1529 daAuts
     D:3: 1496 daAuts
     D:1: 1430 daAuts
     D:8: 1274 daAuts
     D:7: 1194 daAuts
     D:4: 840 daAuts
     D:9: 364 daAuts
  Temple: 34 daAuts
